 Dungeon Crawl Stone Soup version 0.30.1-11-g7821555f0a (webtiles) character file.

Game seed: 14188301073920405476

70202 ICEMaiden the Fighter (level 15, -4/93 HPs)
             Began as a Gargoyle Earth Elementalist on Nov 3, 2023.
             Was an Elder of Sif Muna.
             Slain by an ice devil (22 damage)
             ... on level 5 of the Lair of Beasts on Nov 6, 2023.
             The game lasted 02:16:37 (27333 turns).

ICEMaiden the Fighter (GrEE)                       Turns: 27333, Time: 02:16:38

Health: -4/93      AC: 26    Str:  9 (11) XL:     15   Next: 32%
Magic:  3/35       EV: 16    Int: 16 (20) God:    Sif Muna [****..]
Gold:   1072       SH:  5    Dex:  2 (10) Spells: 2/28 levels left

rFire   + . .        c - staff of fire "Ista Qeo" {Contam rF+ rCorr Str-4 SInv}
rCold   . . .        B - +1 buckler {AC+3}
rNeg    + . .        P - +2 robe {Archmagi}
rPois   ∞            (no helmet)
rElec   +            G - +2 cloak
rCorr   +            X - +0 pair of gloves
SInv    +            F - +2 pair of boots
Will    +....        L - amulet of regeneration
Stlth   +++          u - ring of magical power
HPRegen 1.15/turn    U - +5 ring of evasion
MPRegen 0.24/turn

%: archmagi
@: about to teleport, flying
A: sickness immunity, AC +11, big wings, negative energy resistance 1,
electricity resistance, torment resistance 1, petrification resistance
a: Renounce Religion, Channel Magic, Forget Spell, Divine Exegesis


You were on level 5 of the Lair of Beasts.
You worshipped Sif Muna.
Sif Muna was greatly pleased with you.
You visited 5 branches of the dungeon, and saw 22 of its levels.
You also visited: Sewer and Bailey.

You collected 2134 gold pieces.
You spent 1062 gold pieces at shops.

Inventory:

Hand Weapons
 b - a +2 trident of venom
Missiles
 N - 9 curare-tipped darts
Armour
 p - a +0 kite shield
 w - the +0 robe of Hide-and-Seek {rC+}
   (You found it on level 3 of the Dungeon)

   rC:        It protects you from cold.
 B - a +1 buckler of protection (worn)
 F - a +2 pair of boots (worn)
 G - a +2 cloak (worn)
 K - a +2 robe of resistance
 O - the +3 chain mail "Otukhevu" {rF+ rCorr Int+5}
   (You found it on level 3 of the Lair of Beasts)

   Int:       It affects your intelligence (+5).
   rF:        It protects you from fire.
   rCorr:     It protects you from acid and corrosion.
 P - a +2 robe of the Archmagi (worn)
 X - a +0 pair of gloves (worn)
Magical Staves
 a - a staff of earth
 c - the staff of fire "Ista Qeo" (weapon) {Contam rF+ rCorr Str-4 SInv}
   (You found it in a bailey)

   [staff of fire]

   Base accuracy: +5 Base damage: 5 Base attack delay: 1.2 This weapon's minimum
   attack delay (0.6) is reached at skill level 12.
   Str:       It affects your strength (-4).
   rF:        It protects you from fire.
   SInv:      It lets you see invisible.
   Contam:    It causes magical contamination when unequipped.
   rCorr:     It protects you from acid and corrosion.
   It falls into the 'Staves' category.
   It is a one-handed weapon.
Jewellery
 u - a ring of magical power (left hand)
 D - a ring of protection from cold
 E - a ring of protection from fire
 L - an amulet of regeneration (around neck)
 U - a +5 ring of evasion (right hand)
 Y - a +4 ring of protection
Wands
 k - a wand of mindburst (9)
 R - a wand of paralysis (17)
 V - a wand of flame (19)
Scrolls
 d - 5 scrolls of immolation
 e - 3 scrolls of amnesia
 h - 3 scrolls of enchant armour
 i - a scroll of acquirement {unknown}
 j - a scroll of identify
 m - 3 scrolls of vulnerability {unknown}
 n - 2 scrolls of magic mapping {unknown}
 o - 8 scrolls of noise {unknown}
 r - 2 scrolls of silence {unknown}
 t - 8 scrolls of teleportation
 v - 6 scrolls of enchant weapon {unknown}
 x - 3 scrolls of fog {unknown}
 y - 3 scrolls of blinking {unknown}
 C - 4 scrolls of fear {unknown}
 I - 4 scrolls of summoning
 J - 3 scrolls of poison
 S - a scroll of brand weapon {unknown}
 W - a scroll of torment {unknown}
Potions
 f - 5 potions of cancellation
 g - 2 potions of heal wounds
 l - a potion of berserk rage
 q - 9 potions of brilliance
 s - 4 potions of lignification
 z - 3 potions of haste
 A - 3 potions of resistance
 H - 5 potions of magic
 M - 3 potions of invisibility
 Q - 9 potions of curing
 T - a potion of mutation {unknown}
 Z - a potion of might


   Skills:
 * Level 10.6 Fighting
 + Level 6.7 Armour
 * Level 8.5 Dodging
 - Level 7.8 Stealth
 + Level 6.0 Shields
 + Level 7.4 Spellcasting
 - Level 9.0 Conjurations
 + Level 2.5 Hexes
 + Level 6.3 Summonings
 - Level 4.0 Transmutations
 + Level 4.6 Ice Magic
 + Level 5.7 Air Magic
 + Level 10.3 Earth Magic
 * Level 7.1 Poison Magic
 + Level 7.1 Invocations


You had 2 spell levels left.
You knew the following spells:

 Your Spells              Type           Power      Damage    Failure   Level
a - Sandblast             Erth           100%       2d20      1%          1
b - Frozen Ramparts       Ice            62%        1d10      8%          3
c - Mephitic Cloud        Conj/Pois/Air  43%        N/A       2%          3
d - Poisonous Vapours     Pois/Air       78%        N/A       1%          2
p - Swiftness             Air            36%        N/A       4%          3
q - Call Imp              Summ           78%        N/A       1%          2
s - Stone Arrow           Conj/Erth      100%       3d13      1%          3
t - Olgreb's Toxic Radia  Pois           43%        N/A       9%          4
w - Call Canine Familiar  Summ           39%        N/A       3%          3
Z - Passwall              Tmut/Erth      35%        N/A       1%          2

Your spell library contained the following spells:

 Spells                   Type           Power      Damage    Failure   Level
 Magic Dart               Conj           100%       1d8       1%          1
 Sting                    Tmut/Pois      100%       1d8       1%          1
 Summon Small Mammal      Summ           100%       N/A       1%          1
 Beastly Appendage        Tmut           56%        N/A       3%          1
 Wereblood                Tmut           28%        N/A       4%          2
 Slow                     Hex            84%        N/A       6%          1
 Ensorcelled Hibernation  Hex/Ice        52%        N/A       6%          2
 Necrotise                Necr           32%        1d5       17%         1
 Scorch                   Fire           26%        2d6       26%         2
 Hailstorm                Conj/Ice       41%        3d10      3%          3
 Spider Form              Tmut/Pois      35%        N/A       5%          3
 Lee's Rapid Deconstruct  Erth           28%        3d15*     7%          5
 Summon Guardian Golem    Hex/Summ       30%        N/A       9%          3
 Petrify                  Tmut/Erth      43%        N/A       9%          4
 Ignite Poison            Fire/Tmut/Pois 40%        N/A       11%         3
 Leda's Liquefaction      Hex/Erth       19%        N/A       12%         4
 Fulminant Prism          Conj/Hex       18%        3d10      16%         4
 Arcjolt                  Conj/Air       22%        1d32      22%         5
 Flame Wave               Conj/Fire      45%        2d12      26%         4
 Iskenderun's Mystic Bla  Conj/Tloc      30%        2d8       26%         4
 Ice Form                 Ice/Tmut       29%        N/A       28%         4
 Portal Projectile        Hex/Tloc       28%        N/A       30%         3
 Irradiate                Conj/Tmut      20%        3d18      32%         5
 Teleport Other           Tloc           8%         N/A       45%         3
 Vampiric Draining        Necr           8%         2d6       45%         3
 Volatile Blastmotes      Fire/Tloc      26%        2d12      45%         3
 Silence                  Hex/Air        14%        N/A       65%         5
 Anguish                  Hex/Necr       7%         N/A       69%         4
 Manifold Assault         Tloc           8%         N/A       86%         4
 Summon Cactus Giant      Summ           19%        N/A       89%         6
 Agony                    Necr           8%         N/A       99%         5
 Dispersal                Tloc           4%         N/A       100%        6
 Plasma Beam              Fire/Air       16%        2x1d30    100%        6
 Simulacrum               Ice/Necr       9%         N/A       100%        6
 Sublimation of Blood     Necr           Unusable   N/A       N/A         2

Dungeon Overview and Level Annotations

Branches:
Dungeon (13/15)            Temple (1/1) D:6            Lair (5/5) D:8
 Spider (1/4) Lair:2        Slime (0/5) Lair:4          Orc (2/2) D:9
    Elf (0/3) Orc:2         Sewer (visited)          Bailey (visited)
  Swamp: Lair:2-3    Shoals: Lair:2-3    Vaults: D:13-14

Altars:
Ashenzari
Cheibriados
Dithmenos
Elyvilon
Fedhas
Gozag
Hepliaklqana
Kikubaaqudgha
Makhleb
Nemelex Xobeh
Okawaru
Qazlal
Ru
Sif Muna
Trog
Uskayaw
Vehumet
Wu Jian
Xom
Yredelemnul
Zin
The Shining One
Jiyva

Shops:
D:7 [   D:8 *   Orc:1 :   Orc:2 [*!*:[(

Annotations:
D:10 2 transporters, lonewolfV2's ghost, journeyman MiFi
D:13 Josephine; Rupert
Lair:2 exclusion: hydra
Orc:2 2 runed translucent doors, exclusion: door


Innate Abilities, Weirdness & Mutations

You are immune to sickness and miasma.
Your stone body is resilient. (AC +11)
You are immune to poison.
Your large and strong wings let you fly.
You resist negative energy. (rN+)
You are resistant to electric shocks. (rElec)
You are resistant to unholy torment.
You are immune to petrification.


Message History

Aiming: Sandblast (safe; 1% risk of failure)
Press: ? - help, Shift-Dir - straight line, f/p - ice devil
Aim: an ice devil (lightly wounded, 85% to hit)
You feel a surge of power!
The blast of sand misses the ice devil.
The blast of sand hits the ice devil but does no damage.
The ice devil closely misses you.
Unknown command.
Aiming: Throw Flame
Press: ? - help, Shift-Dir - straight line, f/p - ice devil
Aim: an ice devil (lightly wounded, 68% to hit)
The puff of flame hits the ice devil but does no damage.
The ice devil is lightly wounded.
You block the ice devil's attack.
Unknown command.
Aiming: Throw Flame
Press: ? - help, Shift-Dir - straight line, f/p - ice devil
Aim: an ice devil (lightly wounded, 68% to hit)
The puff of flame hits the ice devil.
The ice devil is lightly wounded.
The ice devil closely misses you.
Unknown command.
Aiming: Throw Flame
Press: ? - help, Shift-Dir - straight line, f/p - ice devil
Aim: an ice devil (lightly wounded, 68% to hit)
The puff of flame hits the ice devil but does no damage.
The ice devil is lightly wounded.
Unknown command.
The ice devil hits you! The ice devil freezes you!
The smoke demon gestures at you. Something smites you!
The ice devil attacks as you move away! The ice devil hits you!
The ice devil freezes you!!
* * * LOW HITPOINT WARNING * * *
As you read the scroll of teleportation, it crumbles to dust.
You feel strangely unstable. The ice devil completely misses you.
There is a large open door here.
The ice devil attacks as you move away! The ice devil hits you.
* * * LOW HITPOINT WARNING * * *
The ice devil freezes you!!
You die...

♣♣♣♣ ♣♣.♣♣ ♣♣...♣
♣♣♣....♣ ♣♣♣.÷♣♣..♣♣♣
♣♣♣..♣♣♣♣♣...♣♣ ♣♣..♣♣♣
♣♣...♣♣♣♣ ♣♣♣..♣♣
♣♣♣....♣ ♣.....♣ ♣♣♣...
#######'@###### ♣♣♣P
#.......44h...#########'♣
#....8..h.8..3#........#♣
#.............'...8.8..#
###############..8.#...#
.......#.).8.#..#
......h#h.#.8...#
.._.h..'...#.8..#
.§§...3#..8.8...#


You could see 2 ice devils, a smoke demon and 2 hell hounds.

Vanquished Creatures
  A ghost moth (Lair:2)
  2 orc warlords
  A dire elephant (Lair:5)
  An ettin (Orc:2)
  A catoblepas (Lair:3)
  A centaur warrior (D:8)
  2 hydras
  Erica (D:8)
  5 two-headed ogres
  3 boulder beetles
  8 death yaks
  Sonja (Orc:1)
  Amaemon (Lair:3)
  The ghost of lonewolfV2 the Protected, a novice DsFi of Qazlal (D:9)
  A sixfirhy (Lair:5)
  2 skysharks
  An orb spider (Spider:1)
  A wizard (Lair:5)
  A manticore (D:11)
  4 orc sorcerers
  A wolf spider (Spider:1)
  2 cyclopes
  4 black mambas
  9 elephants
  2 gargoyles
  Maurice (D:9)
  2 torpor snails
  4 orange demons
  8 cane toads
  5 rime drakes
  A freezing wraith (D:9)
  16 komodo dragons
  4 kobold demonologists
  3 trolls
  Prince Ribbit (D:7)
  A polar bear (Lair:3)
  3 tarantellas (Spider:1)
  4 blink frogs
  A slime creature (D:12)
  5 jumping spiders (Spider:1)
  A shadow (D:9)
  4 culicivoras (Spider:1)
  27 yaks
  3 wyverns
  Eustachio (D:4)
  3 wraiths
  3 basilisks
  A steam dragon (D:6)
  8 redbacks (Spider:1)
  6 vampire mosquitoes
  4 swamp worms (Lair:2)
  3 hell hounds (Lair:5)
  14 water moccasins
  43 orc warriors
  An ice beast (D:7)
  4 black bears
  6 ogres
  12 wolves
  15 centaurs
  2 phantoms
  Blork the orc (D:5)
  3 kobold brigands
  A gnoll sergeant (D:5)
  12 bullfrogs
  A scorpion (D:6)
  A wight (D:9)
  7 killer bees
  An electric eel (D:11)
  2 howler monkeys
  3 quasits (D:5)
  13 orc priests
  6 hounds
  2 jellies (D:6)
  Crazy Yiuf (D:6)
  A gnoll bouda (D:9)
  2 sleepcaps
  Jessica (D:3)
  5 iguanas
  24 orc wizards
  2 human simulacra (D:12)
  9 gnolls
  7 adders
  5 river rats
  5 shadow imps
  4 white imps (D:5)
  4 ufetubi (D:5)
  3 worms
  2 dart slugs
  86 orcs
  4 endoplasms
  5 giant cockroaches
  9 goblins
  8 hobgoblins
  16 jackals
  38 kobolds
  7 quokkas
  14 ball pythons
  3 bats
  10 frilled lizards
  7 rats
612 creatures vanquished.

Vanquished Creatures (collateral kills)
  A demonic crawler (Spider:1)
  An orc warrior (Orc:2)
  3 orcs
5 creatures vanquished.

Vanquished Creatures (others)
  An orc warrior (Orc:2)
  An orc wizard (D:8)
2 creatures vanquished.

Grand Total: 619 creatures vanquished

Notes
Turn   | Place    | Note
-------+----------+-------------------------------------------
     0 | D:1      | ICEMaiden the Gargoyle Earth Elementalist began the quest
                  | for the Orb.
     0 | D:1      | Reached XP level 1. HP: 10/10 MP: 3/3
    48 | D:1      | Found a faded altar of an unknown god.
   122 | D:1      | Reached skill level 1 in Transmutations
   122 | D:1      | Reached XP level 2. HP: 15/15 MP: 3/5
   687 | D:1      | Reached XP level 3. HP: 17/20 MP: 3/6
   826 | D:1      | Learned a level 2 spell: Passwall
   830 | D:1      | Learned a level 3 spell: Stone Arrow
  1110 | D:2      | Reached skill level 1 in Armour
  1358 | D:2      | Found a glowing golden altar of the Shining One.
  1575 | D:2      | Reached skill level 1 in Fighting
  1575 | D:2      | Reached XP level 4. HP: 25/25 MP: 5/7
  1995 | D:3      | Identified the +0 robe of Hide-and-Seek {rC+}
  2153 | D:3      | Noticed Jessica
  2158 | D:3      | Killed Jessica
  2159 | D:3      | Reached skill level 1 in Conjurations
  2380 | D:4      | Noticed a black bear
  2390 | D:4      | Killed a black bear
  2391 | D:4      | Reached XP level 5. HP: 30/30 MP: 0/8
  2523 | D:4      | Noticed Eustachio
  2584 | D:4      | Killed Eustachio
  2585 | D:4      | Reached XP level 6. HP: 29/36 MP: 6/9
  2592 | D:4      | Found a glowing drain.
  2626 | Sewer    | Entered a sewer
  3141 | Sewer    | Reached XP level 7. HP: 40/40 MP: 8/10
  3898 | D:4      | Reached skill level 5 in Earth Magic
  3955 | D:4      | Found an ornate altar of the Wu Jian Council.
  4020 | D:5      | Entered Level 5 of the Dungeon
  4032 | D:5      | Reached XP level 8. HP: 42/46 MP: 2/12
  4253 | D:5      | Noticed Blork the orc
  4395 | D:5      | Killed Blork the orc
  4734 | D:5      | Reached skill level 1 in Shields
  4979 | D:5      | Learned a level 2 spell: Call Imp
  5253 | D:6      | Reached XP level 9. HP: 52/52 MP: 10/13
  5353 | D:6      | Learned a level 3 spell: Mephitic Cloud
  5357 | D:6      | Learned a level 3 spell: Swiftness
  5561 | D:6      | Reached skill level 1 in Summonings
  5706 | D:6      | Reached skill level 1 in Poison Magic
  5933 | D:6      | Found a staircase to the Ecumenical Temple.
  5944 | Temple   | Entered the Ecumenical Temple
  6183 | Temple   | Became a worshipper of Sif Muna the Loreminder
  6318 | D:6      | Reached skill level 5 in Fighting
  6318 | D:6      | Reached skill level 1 in Air Magic
  6368 | D:6      | Found an opulent altar of Gozag.
  6511 | D:6      | Found a runed translucent door.
  6512 | D:6      | Noticed Crazy Yiuf
  6516 | D:6      | Paralysed by Crazy Yiuf for 4 turns
  6520 | D:6      | Killed Crazy Yiuf
  7028 | D:7      | Noticed Prince Ribbit
  7104 | D:7      | Reached skill level 5 in Stealth
  7256 | D:7      | Reached * piety under Sif Muna
  7257 | D:7      | Reached skill level 5 in Conjurations
  7396 | D:7      | Reached XP level 10. HP: 59/59 MP: 10/15
  7412 | D:7      | Found Teujisut's Antique Armour Boutique.
  7611 | D:7      | Killed Prince Ribbit
  7716 | D:7      | Reached skill level 1 in Invocations
  7867 | D:8      | Noticed a centaur warrior
  7875 | D:8      | Killed a centaur warrior
  7876 | D:8      | Reached skill level 5 in Dodging
  7998 | D:8      | Found a stormy altar of Qazlal.
  8046 | D:8      | Found Idor's Changing Room.
  8122 | D:8      | Reached ** piety under Sif Muna
  8127 | D:8      | Found a flagged portal.
  8136 | Bailey   | Entered a bailey
  8264 | Bailey   | Noticed an orc warlord
  8546 | Bailey   | Learned a level 2 spell: Poisonous Vapours
  8662 | Bailey   | Found a runed translucent gate.
  8667 | Bailey   | Found a runed translucent gate.
  8681 | Bailey   | Found a runed translucent gate.
  9180 | Bailey   | Killed an orc warlord
  9277 | Bailey   | Identified the staff of fire "Ista Qeo" {Contam rF+ rCorr
                  | Str-4 SInv}
  9465 | D:7      | Reached skill level 5 in Spellcasting
  9465 | D:7      | Reached XP level 11. HP: 66/66 MP: 16/19
  9517 | D:8      | Found a staircase to the Lair.
  9877 | D:9      | Noticed Erica
  9877 | D:9      | Noticed a two-headed ogre
  9883 | D:8      | Killed Erica
  9884 | D:8      | Reached XP level 12. HP: 71/71 MP: 8/20
  9973 | D:9      | Noticed a sun demon
 10018 | D:8      | Killed a two-headed ogre
 10345 | D:9      | Found a staircase to the Orcish Mines.
 10412 | D:9      | Found a runed translucent gate.
 10412 | D:9      | Found a runed translucent gate.
 10412 | D:9      | Found a runed translucent gate.
 10414 | D:9      | Noticed lonewolfV2's ghost (novice DsFi)
 10435 | D:9      | Reached *** piety under Sif Muna
 10574 | D:9      | You fall into a shaft and drop 2 floors!
 10797 | D:10     | Entered Level 10 of the Dungeon
 10953 | D:9      | Got the Omnibus of Frostbite and the Pyre
 11168 | D:9      | Noticed a two-headed ogre
 11310 | D:10     | Found a transporter.
 11332 | D:10     | Found a transporter.
 11806 | D:10     | Reached skill level 5 in Shields
 12018 | D:10     | Found a runed translucent door.
 12018 | D:10     | Noticed a two-headed ogre
 12066 | D:10     | Reached skill level 5 in Invocations
 12081 | D:10     | Killed a two-headed ogre
 12257 | D:10     | Noticed lonewolfV2's ghost (journeyman MiFi)
 12271 | D:10     | Reached skill level 5 in Poison Magic
 12691 | D:9      | Killed a two-headed ogre
 12913 | D:11     | Noticed a two-headed ogre
 12942 | D:11     | Killed a two-headed ogre
 13176 | D:11     | Reached skill level 1 in Ice Magic
 13177 | D:11     | Reached **** piety under Sif Muna
 13737 | D:12     | Noticed a boulder beetle
 13787 | D:11     | Killed a boulder beetle
 14415 | D:13     | Noticed Rupert
 14496 | D:12     | Reached XP level 13. HP: 78/78 MP: 18/22
 14674 | Lair:1   | Entered Level 1 of the Lair of Beasts
 14920 | Lair:1   | Reached skill level 5 in Summonings
 16015 | Lair:2   | Found a hole to the Spider Nest.
 17389 | Lair:3   | Identified the +3 chain mail "Otukhevu" {rF+ rCorr Int+5}
 17793 | Lair:3   | Reached ***** piety under Sif Muna
 18236 | Lair:3   | Noticed Amaemon
 18274 | Lair:3   | Killed Amaemon
 18496 | Lair:3   | Identified the +4 plate armour of the Everdark {Dex+2}
 18938 | Lair:3   | Reached skill level 5 in Air Magic
 19065 | Lair:4   | Learned a level 3 spell: Call Canine Familiar
 19069 | Lair:4   | Learned a level 3 spell: Frozen Ramparts
 19525 | Lair:4   | Gained mutation: Your large and strong wings let you fly.
                  | [Gargoyle growth]
 19525 | Lair:4   | Reached XP level 14. HP: 81/86 MP: 12/23
 19547 | Lair:4   | Received a gift from Sif Muna
 19548 | Lair:4   | Reached skill level 5 in Armour
 19550 | Lair:4   | Got Sif Muna's Catalogue of Captivating Transformation {god
                  | gift}
 20365 | Lair:4   | Found a staircase to the Slime Pits.
 20365 | Lair:4   | Found a viscous altar of Jiyva.
 20793 | Lair:5   | Entered Level 5 of the Lair of Beasts
 21051 | Lair:4   | Reached skill level 1 in Hexes
 21552 | D:9      | Killed lonewolfV2's ghost
 21995 | D:13     | Noticed Josephine
 22121 | Orc:1    | Entered Level 1 of the Orcish Mines
 22138 | Orc:1    | Noticed Maurice
 22157 | D:9      | Killed Maurice
 22223 | Orc:1    | Noticed Sonja
 22227 | Orc:1    | Killed Sonja
 22228 | Orc:1    | Reached skill level 10 in Fighting
 22266 | Orc:1    | Paralysed by an orc sorcerer for 4 turns
 22478 | Orc:1    | Found Afovuxumn's Self-Improvement Boutique.
 22538 | Orc:2    | Entered Level 2 of the Orcish Mines
 22548 | Orc:2    | Paralysed by an orc sorcerer for 4 turns
 22722 | Orc:2    | Reached skill level 10 in Earth Magic
 23173 | Orc:2    | Found Quguamid's Armour Boutique.
 23427 | Orc:2    | Found Nureunn's Distillery.
 23435 | Orc:2    | Bought a potion of invisibility for 128 gold pieces
 23435 | Orc:2    | Bought a potion of magic for 128 gold pieces
 23435 | Orc:2    | Bought a potion of might for 64 gold pieces
 23435 | Orc:2    | Bought a potion of curing for 48 gold pieces
 23435 | Orc:2    | Bought a potion of heal wounds for 80 gold pieces
 23435 | Orc:2    | Bought a potion of cancellation for 128 gold pieces
 23634 | Orc:2    | Found Falebump's Book Emporium.
 23634 | Orc:2    | Found Toykhib's Antique Armour Shop.
 23634 | Orc:2    | Found Gostriaz's Weapon Boutique.
 23637 | Orc:2    | Found Lujirgh's General Store.
 23642 | Orc:2    | Bought a runed cloak for 180 gold pieces
 23642 | Orc:2    | Bought a runed buckler for 180 gold pieces
 23683 | Orc:2    | Bought a potion of curing for 48 gold pieces
 23683 | Orc:2    | Bought a wand of flame (7) for 78 gold pieces
 23748 | Orc:2    | Found a runed translucent gate.
 23748 | Orc:2    | Found a runed translucent gate.
 23776 | Orc:2    | Found a staircase to the Elven Halls.
 23903 | Orc:2    | Found Efigg's Assorted Antiques.
 24019 | Orc:1    | Noticed an orc warlord
 24608 | Orc:2    | Killed an orc warlord
 24676 | Orc:1    | Received a gift from Sif Muna
 24686 | Orc:1    | Got Sif Muna's Octavo of the Dimensional Birds {god gift}
 25067 | Lair:2   | Learned a level 4 spell: Olgreb's Toxic Radiance
 25078 | Spider:1 | Entered Level 1 of the Spider Nest
 25362 | Spider:1 | Reached XP level 15. HP: 92/92 MP: 25/25
 25712 | Lair:2   | Noticed a ghost moth
 25726 | Lair:2   | Killed a ghost moth
 25981 | Lair:5   | Found a hide-covered altar of Uskayaw.
 25985 | Lair:5   | Found an ornate altar of the Wu Jian Council.
 27054 | Lair:5   | Found a burning altar of Makhleb.
 27333 | Lair:5   | Slain by an ice devil

Illustrated notes

Levels and vault maps discovered:
D:1:      doesnt_arrival_eight_statues, layout_basic,
          hellmonk_ecumenical_altar_blasted, kennysheep_doodads
D:2:      layout_loops_cross, basic_altar, small_statue_intersection
D:3:      layout_loops_cross, uniq_jessica
D:4:      minmay_chambers_of_fours, layout_rooms, nzn_wu_jian_contemplation,
          portal_sewer_entry_e, uniq_eustachio
D:5:      layout_cave_pools, serial_demonic, serial_demonic_e, serial_demonic_e,
          serial_demonic_g, serial_demonic_f, serial_demonic_d,
          serial_demonic_c, serial_demonic_c, serial_demonic_f,
          serial_demonic_a, serial_demonic_a, uniq_blork_the_orc
D:6:      layout_loops_cross, kennysheep_little_box, minmay_temple_entry_fiery,
          grunt_ministairs_5, uniq_crazy_yiuf_cottage
D:7:      layout_cave_pools, serial_shops, nicolae_take_the_stairs,
          amethyst_killhole, uniq_prince_ribbit1
D:8:      layout_rooms, mainiacjoe_overflow_concentric_impassable,
          enter_bailey_2, nicolae_transmutations_shop
D:9:      layout_rooms, hiddenorc1_lemuel, gammafunk_ghost_spectres, uniq_erica
D:10:     layout_layer_cave, gammafunk_ghost_stat_death, minmay_st_funbox
D:11:     layout_basic, serial_bayou_lagoon_a
D:12:     layout_roguey, bh_circular_ruins
D:13:     layout_basic, david_vaults_4, minmay_microvault, uniq_josephine,
          uniq_rupert
Temple:   compressed_dpeg_triangle_lava_temple
Lair:1:   layout_regular_city, grunt_megastairs_3
Lair:2:   layout_regular_city, palyth_hydra_swamp_entry,
          spider_nest_entry_web_field, serial_bayou_shore_b
Lair:3:   layout_cave_shapes, st_stairs_11, uniq_amaemon
Lair:4:   layout_regular_city, slime_entry_1, beast_lair_carwin_5,
          lemuel_fruit_tree, lemuel_fruit_fields
Lair:5:   evil_forest, layout_regular_city, nzn_masters_of_martial_movement
Spider:1: layout_spider_delve
Orc:1:    layout_caves, nicolae_shop_self_help, uniq_sonja, uniq_maurice
Orc:2:    st_orc_rangers, layout_caves, gammafunk_ghost_fury_of_okawaru,
          serial_shops, shop, nicolae_shop_just_a_little_nook,
          nicolae_shop_hallway_stairs

Skill      XL: |  1  2  3  4  5  6  7  8  9 10 11 12 13 14 15 |
---------------+----------------------------------------------+-----
Transmutations | 1 2 3 4 |  4.0
Armour         | 1 2 3 4 6 |  6.7
Dodging        | 2 3 4 5 6 7 8 |  8.5
Fighting       | 1 2 3 4 5 6 8 9 10 | 10.6
Earth Magic    | 4 5 6 8 9 10 | 10.3
Conjurations   | 1 2 3 4 5 6 7 8 9 |  9.0
Stealth        | 3 4 5 6 7 |  7.8
Spellcasting   | 3 5 6 7 |  7.4
Shields        | 1 3 4 5 6 |  6.0
Summonings     | 1 4 5 6 |  6.3
Poison Magic   | 1 4 5 6 7 |  7.1
Air Magic      | 1 3 4 5 |  5.7
Invocations    | 4 5 6 7 |  7.1
Ice Magic      | 1 3 4 |  4.6
Hexes          | 2 |  2.5

Action                     |  1- 3 |  4- 6 |  7- 9 | 10-12 | 13-15 || total
---------------------------+-------+-------+-------+-------+-------++-------
  Melee: Dagger            |     6 |       |    14 |    52 |       ||    72
         Short sword       |    46 |       |    27 |       |       ||    73
         Rapier            |     1 |    43 |    18 |       |       ||    62
         Punch             |       |       |     1 |       |       ||     1
         Trident           |       |       |       |    31 |   196 ||   227
         Staff             |       |       |       |     7 |    48 ||    55
  Throw: Dart              |       |     4 |     6 |     1 |       ||    11
   Cast: Sandblast         |    38 |    47 |   169 |   119 |   181 ||   554
         Stone Arrow       |       |     2 |    23 |    69 |   216 ||   310
         Swiftness         |       |       |     2 |     1 |     6 ||     9
         Poisonous Vapours |       |       |       |    47 |   223 ||   270
         Call Imp          |       |       |       |     8 |     6 ||    14
         Mephitic Cloud    |       |       |       |    19 |    29 ||    48
         Passwall          |       |       |       |     2 |     1 ||     3
         Call Canine Famil |       |       |       |       |     7 ||     7
         Olgreb's Toxic Ra |       |       |       |       |     1 ||     1
 Invoke: Channel Magic     |       |       |       |       |     6 ||     6
  Evoke: Wand              |       |       |     1 |    17 |    28 ||    46
    Use: Scroll            |       |       |     5 |    10 |     7 ||    22
         Potion            |       |       |       |     4 |     3 ||     7
   Stab: Sleeping          |     4 |     5 |     8 |     2 |     2 ||    21
         Confused          |       |       |       |     4 |     6 ||    10
         Paralysed         |       |       |       |       |     9 ||     9
 Armour: Robe              |    23 |    19 |    72 |    94 |   407 ||   615
  Dodge: Dodged            |    36 |    47 |   135 |   175 |   723 ||  1116
  Block: Buckler           |       |       |     2 |    31 |   232 ||   265
